 Dungeon Crawl Stone Soup version 0.27.0-1-g7a089689b8 (webtiles) character file.

Game seed: 12347931413018292998

65 Smaepdii the Vexing (level 3, -5/16 HPs)
             Began as a Spriggan Enchanter on Aug 5, 2021.
             Slain by a black bear (8 damage)
             ... on level 2 of the Dungeon.
             The game lasted 00:10:41 (2260 turns).

Smaepdii the Vexing (Spriggan Enchanter)            Turns: 2260, Time: 00:10:43

Health: -5/16      AC:  2    Str:  4    XL:     3   Next: 92%
Magic:  7/8        EV: 17    Int: 16    God:
Gold:   28         SH:  0    Dex: 16    Spells: 1/7 levels left

rFire    . . .     SeeInvis +   a - +1 dagger (holy)
rCold    . . .     Faith    .   (shield restricted)
rNeg     . . .     Spirit   .   b - +0 robe
rPois    .         Reflect  .   (helmet restricted)
rElec    .         Harm     .   (no cloak)
rCorr    .         Rampage  .   (gloves unavailable)
Will     .....                  (boots unavailable)
Stlth    +++.......             (no amulet)
HPRegen  0.05/turn              (no ring)
MPRegen  0.11/turn              (no ring)

@: very quick
A: very small, no large weapons, unfitting armour, see invisible, speed 3
a: no special abilities


You were on level 2 of the Dungeon.
You visited 1 branch of the dungeon, and saw 2 of its levels.

You collected 28 gold pieces.

Inventory:

Hand Weapons
 a - a +1 dagger of holy wrath (weapon)
Armour
 b - a +0 robe (worn)
Jewellery
 c - a +4 ring of evasion
 d - an amulet of the acrobat
Scrolls
 e - a scroll of noise {unknown}
 g - a scroll of identify {unknown}
Potions
 f - a potion of haste {unknown}


   Skills:
 - Level 1.1 Short Blades
 - Level 2.6 Dodging
 - Level 4.4 Stealth
 - Level 2.6 Spellcasting
 * Level 5.9 Hexes


You had one spell level left.
You knew the following spells:

 Your Spells              Type           Power      Damage    Failure   Level
a - Corona                Hex            23%        N/A       1%          1
b - Ensorcelled Hibernat  Hex/Ice        22%        N/A       9%          2
c - Tukima's Dance        Hex            21%        N/A       4%          3

Your spell library contained the following spells:

 Spells                   Type           Power      Damage    Failure   Level
 Confusing Touch          Hex            21%        N/A       4%          3
 Dazzling Flash           Conj/Hex       22%        N/A       17%         3


Dungeon Overview and Level Annotations

Branches:
Dungeon (2/15)

Altars:


Innate Abilities, Weirdness & Mutations

You are very small and have problems with some larger weapons.
You are too small for most types of armour.
You have supernaturally acute eyesight. (SInv)
You cover ground extremely quickly. (Speed+++)


Message History

Press: ? - help, Shift-Dir - straight line, f - black bear
Aim: a black bear (chance to affect: 42%)
The black bear looks drowsy...
The black bear closely misses you. The black bear misses you.
The black bear barely misses you.
There is a stone staircase leading up here.
There is a stone staircase leading up here.
You climb upwards.
There is a stone staircase leading down here.
You start resting.
Magic restored.
There is a stone staircase leading down here.
You see here a +0 pair of boots.
There is a dry fountain here.
There is a stone staircase leading down here.
You climb downwards.
The black bear bites you.
The black bear claws you but does no damage.
The black bear claws you.
There is a stone staircase leading up, spattered with blood here.
Casting: Ensorcelled Hibernation (safe; 9% risk of failure)
Confirm with . or Enter, or press ? or * to list all spells.
Aiming: Ensorcelled Hibernation (safe; 9% risk of failure)
Press: ? - help, Shift-Dir - straight line, f - black bear
Aim: a black bear (chance to affect: 42%)
The black bear looks drowsy...
The helpless black bear fails to defend itself.
You impale the black bear!!
The black bear is almost dead.
The black bear goes berserk!
You hit the black bear but do no damage.
The black bear is severely wounded.
The black bear bites you. The black bear misses you. The black bear claws you.
* * * LOW HITPOINT WARNING * * *
The black bear rages.
You hear a shout!
There is a stone staircase leading up here.
There is a stone staircase leading up, spattered with blood here.
The black bear bites you!
Ouch! That really hurt!
You die...

###......##
........#
#.## #..##
#...# .
#.#.## ##..
#.#.<##.....
##..#....#
#..@h).#.#
#...)#.......
#....#.......
#....#.....[.
#....#.......
######.......
.......
#.#####


You could see a black bear (berserk).

Vanquished Creatures
  An adder (D:2)
  2 gnolls (D:2)
  2 bats (D:1)
  3 endoplasms (D:1)
  A giant cockroach (D:1)
  2 goblins (D:1)
  A hobgoblin (D:1)
  7 jackals (D:1)
  A quokka (D:1)
  7 ball pythons (D:1)
  5 kobolds (D:1)
  4 rats (D:1)
36 creatures vanquished.

Notes
Turn   | Place    | Note
-------+----------+-------------------------------------------
     0 | D:1      | Smaepdii the Spriggan Enchanter began the quest for the
                  | Orb.
     0 | D:1      | Reached XP level 1. HP: 9/9 MP: 5/5
   210 | D:1      | Reached skill level 4 in Hexes
   398 | D:1      | Reached XP level 2. HP: 10/13 MP: 4/6
  1184 | D:1      | Learned a level 2 spell: Ensorcelled Hibernation
  1322 | D:1      | Reached skill level 5 in Hexes
  1543 | D:1      | Reached XP level 3. HP: 16/16 MP: 5/8
  1592 | D:1      | Learned a level 3 spell: Tukima's Dance
  2061 | D:2      | Noticed a black bear
  2260 | D:2      | Slain by a black bear

Illustrated notes

Levels and vault maps discovered:
D:1:      dpeg_arrival_leaves_temple_mockup, layout_rooms,
          roderic_three_in_a_row, minmay_misc_feat_rugged
D:2:      layout_rooms, serial_shops, nicolae_diamond_shop,
          minmay_misc_feat_square

Skill      XL: |  1  2 |
---------------+-------+-----
Hexes          | 4 5 |  5.9
Short Blades   | |  1.1
Dodging        | |  2.6
Stealth        | |  4.4
Spellcasting   | |  2.6

Action                   || total
-------------------------++-------
Melee: Dagger            ||   120
 Cast: Corona            ||    17
       Ensorcelled Hiber ||    12
 Stab: Sleeping          ||    15
Armor: Robe              ||    17
Dodge: Dodged            ||   109
